 Dungeon Crawl Stone Soup version 0.29-a0-732-g3d7fbe0af2 (webtiles) character file.

Game seed: 13145210616244210144

471935 dolemite99 the Executioner (level 24, -21/193 HPs)
             Began as a Gnoll Necromancer on June 29, 2022.
             Was a High Priest of Lugonu.
             Demolished by Palms's ghost (26 damage)
             ... on level 1 of the Realm of Zot on June 30, 2022.
             The game lasted 04:17:33 (98481 turns).

dolemite99 the Executioner (Gnoll Necromancer)     Turns: 98481, Time: 04:17:33

Health: -21/193    AC: 24    Str: 11    XL:     24   Next: 37%
Magic:  11/44      EV: 18    Int: 32    God:    Lugonu [*****.]
Gold:   2349       SH: 23    Dex: 16    Spells: 4/58 levels left

rFire   + + .      SeeInvis +   a - +7 broad axe (vorpal)
rCold   + . .      Faith    .   H - +4 kite shield {rPois}
rNeg    . . .      Spirit   .   O - +4 ring mail "Ekosm" {rElec rF+ rCorr Int+3}
rPois   +          Reflect  +   o - +2 helmet {Int+3}
rElec   +          Harm     .   E - scarf {rC+ rF+}
rCorr   +          Rampage  .   i - +2 pair of gloves
Will    ++...                   t - +2 pair of boots of the Blessed Realm {*Corrode +Inv Will+ SInv Stlth+}
Stlth   +++++++...              X - amulet of reflection
HPRegen 0.42/turn               h - ring of wizardry
MPRegen 0.29/turn               c - +6 ring of intelligence {=R}

@: on berserk cooldown, studying 2 skills
A: fangs 1, strong nose, distributed training, MP-powered wands
}: 3/15 runes: serpentine, barnacled, silver
a: Renounce Religion, Evoke Invisibility, Depart the Abyss, Bend Space, Banish,
Corrupt, Enter the Abyss


You were on level 1 of the Realm of Zot.
You worshipped Lugonu.
Lugonu was extremely pleased with you.
You visited 9 branches of the dungeon, and saw 44 of its levels.

You collected 7387 gold pieces.
You spent 5038 gold pieces at shops.

Inventory:

Hand Weapons
 a - a +7 vorpal broad axe (weapon)
 b - a +0 hand crossbow
 m - the +7 broad axe "Jellyslayer" {pain, rPois rC+}
   (You took it off a deep elf death mage on level 3 of the Elven Halls)

   In the hands of one skilled in necromantic magic, it inflicts extra damage on
   living creatures.
   rC:        It protects you from cold.
   rPois:     It protects you from poison.
 w - a +1 eudemon blade of holy wrath
Missiles
 r - 45 boomerangs
 s - 16 javelins (quivered)
 B - 14 throwing nets
Armour
 i - a +2 pair of gloves (worn)
 o - a +2 helmet of intelligence (worn)
 t - the +2 pair of boots of the Blessed Realm (worn) {*Corrode +Inv Will+ SInv Stlth+}
   (You found it on level 3 of the Shoals)

   SInv:      It lets you see invisible.
   +Inv:      It lets you turn invisible.
   *Corrode:  It may corrode you when you take damage.
   Will:      It increases your willpower.
   Stlth:     It makes you more stealthy.
 E - a scarf of resistance (worn)
 H - a +4 kite shield of poison resistance (worn)
 O - the +4 ring mail "Ekosm" (worn) {rElec rF+ rCorr Int+3}
   (You bought it in a shop on level 2 of the Orcish Mines)

   Int:       It affects your intelligence (+3).
   rF:        It protects you from fire.
   rElec:     It insulates you from electricity.
   rCorr:     It protects you from acid and corrosion.
Magical Staves
 l - a staff of fire
Jewellery
 c - a +6 ring of intelligence (right hand) {=R}
 d - a ring of willpower
 h - a ring of wizardry (left hand)
 v - a ring of protection from cold
 N - the ring of the Stallion {rPois Dex+4 SInv}
   (You found it on level 3 of the Elven Halls)

   [ring of see invisible]

   Dex:       It affects your dexterity (+4).
   rPois:     It protects you from poison.
   SInv:      It lets you see invisible.
 X - an amulet of reflection (around neck)
 Z - the ring "Goef" {Dex+3 Slay+4}
   (You took it off a deep elf demonologist on level 3 of the Elven Halls)

   [ring of slaying]

   Dex:       It affects your dexterity (+3).
   Slay:      It affects your accuracy & damage with ranged weapons and melee
   (+4).
Wands
 j - a wand of polymorph (25)
 x - a wand of digging (14)
 Q - a wand of charming (17)
 T - a wand of iceblast (7)
Scrolls
 f - a scroll of fear
 g - 9 scrolls of teleportation
 C - 7 scrolls of fog
 D - 5 scrolls of poison
 F - 5 scrolls of silence
 K - 4 scrolls of blinking
 M - 5 scrolls of vulnerability
 V - 38 scrolls of identify {@r1}
Potions
 e - 5 potions of curing
 n - 8 potions of might
 p - 13 potions of brilliance
 q - 8 potions of attraction
 z - 5 potions of ambrosia
 A - a potion of berserk rage
 J - 2 potions of flight
 L - 5 potions of cancellation
Miscellaneous
 k - a condenser vane (inert)
 y - a box of beasts (inert)
 P - a phial of floods (inert)
 S - a phantom mirror
 U - a tin of tremorstones (2/2)
 Y - a lightning rod (4/4)


   Skills:
 + Level 16.8 Fighting
 + Level 16.8 Short Blades
 + Level 16.8 Long Blades
 + Level 22.7 Axes
 + Level 16.8 Maces & Flails
 + Level 16.8 Polearms
 + Level 16.8 Staves
 + Level 16.8 Ranged Weapons
 + Level 16.8 Throwing
 + Level 16.8 Armour
 + Level 17.4 Dodging
 + Level 17.3 Stealth
 + Level 16.8 Shields
 + Level 16.8 Unarmed Combat
 + Level 17.5 Spellcasting
 + Level 14.3 Conjurations
 + Level 14.3 Hexes
 + Level 14.3 Summonings
 + Level 15.8 Necromancy
 + Level 14.3 Translocations
 + Level 17.5 Transmutations
 + Level 14.3 Fire Magic
 + Level 14.3 Ice Magic
 + Level 14.3 Air Magic
 + Level 14.3 Earth Magic
 + Level 14.3 Poison Magic
 + Level 18.2 Invocations
 + Level 16.8 Evocations


You had 4 spell levels left.
You knew the following spells:

 Your Spells              Type           Power      Damage    Failure   Level
a - Animate Dead          Necr           92%        N/A       1%          4
b - Summon Mana Viper     Hex/Summ       88%        N/A       1%          5
c - Summon Ice Beast      Ice/Summ       88%        N/A       1%          4
d - Haunt                 Necr/Summ      45%        N/A       2%          7
e - Freezing Cloud        Conj/Ice/Air   44%        6-21      1%          5
f - Vampiric Draining     Necr           92%        2d12      0%          3
g - Mephitic Cloud        Conj/Pois/Air  88%        N/A       1%          3
h - Sublimation of Blood  Necr           92%        N/A       0%          2
i - Borgnjor's Vile Clut  Necr/Erth      45%        N/A       1%          5
j - Blink                 Tloc           100%       N/A       0%          2
k - Manifold Assault      Tloc           88%        N/A       1%          5
l - Summon Forest         Summ/Tloc      44%        N/A       1%          5
m - Olgreb's Toxic Radia  Pois           88%        N/A       1%          4

Your spell library contained the following spells:

 Spells                   Type           Power      Damage    Failure   Level
 Foxfire                  Conj/Fire      100%       2x1d9     0%          1
 Magic Dart               Conj           100%       1d8       0%          1
 Necrotize                Necr           100%       1d9       0%          1
 Sandblast                Erth           100%       2d20      0%          1
 Slow                     Hex            100%       N/A       0%          1
 Sting                    Tmut/Pois      100%       1d8       0%          1
 Call Imp                 Summ           88%        N/A       0%          2
 Ensorcelled Hibernation  Hex/Ice        100%       N/A       0%          2
 Passwall                 Tmut/Erth      76%        N/A       0%          2
 Poisonous Vapours        Pois/Air       100%       N/A       0%          2
 Searing Ray              Conj           100%       2d8       0%          2
 Ignite Poison            Fire/Tmut/Pois 91%        N/A       0%          3
 Spider Form              Tmut/Pois      92%        N/A       0%          3
 Confusing Touch          Hex            88%        N/A       1%          3
 Conjure Flame            Conj/Fire      88%        6-21      1%          3
 Dazzling Flash           Conj/Hex       100%       N/A       1%          3
 Frozen Ramparts          Ice            100%       1d12      1%          3
 Gell's Gravitas          Tloc           88%        N/A       1%          3
 Inner Flame              Hex/Fire       88%        N/A       1%          3
 Lesser Beckoning         Tloc           88%        N/A       1%          3
 Ozocubu's Armour         Ice            88%        N/A       1%          3
 Stone Arrow              Conj/Erth      100%       3d13      1%          3
 Summon Guardian Golem    Hex/Summ       88%        N/A       1%          3
 Swiftness                Air            88%        N/A       1%          3
 Teleport Other           Tloc           88%        N/A       1%          3
 Tukima's Dance           Hex            88%        N/A       1%          3
 Anguish                  Hex/Necr       45%        N/A       1%          4
 Animate Armour           Summ/Erth      100%       N/A       1%          4
 Corpse Rot               Necr/Pois/Air  89%        N/A       1%          4
 Dispel Undead            Necr           92%        3d29      1%          4
 Flame Wave               Conj/Fire      88%        2d15      1%          4
 Fulminant Prism          Conj/Hex       44%        3d20      1%          4
 Hailstorm                Conj/Ice       88%        3d18      1%          4
 Ice Form                 Ice/Tmut       92%        N/A       1%          4
 Iskenderun's Mystic Bla  Conj/Tloc      88%        2d17      1%          4
 Leda's Liquefaction      Hex/Erth       44%        N/A       1%          4
 Passage of Golubria      Tloc           88%        N/A       1%          4
 Petrify                  Tmut/Erth      92%        N/A       1%          4
 Agony                    Necr           92%        N/A       1%          5
 Irradiate                Conj/Tmut      46%        3d28      1%          5
 Lee's Rapid Deconstruct  Erth           44%        3d22*     1%          5
 Metabolic Englaciation   Hex/Ice        44%        N/A       1%          5
 Silence                  Hex/Air        44%        N/A       1%          5
 Yara's Violent Unravell  Hex/Tmut       46%        3d18      1%          5
 Conjure Ball Lightning   Conj/Air       44%        3x3d15    1%          6
 Death Channel            Necr           46%        N/A       1%          6
 Eringya's Noxious Bog    Tmut/Pois      46%        N/A       1%          6
 Simulacrum               Ice/Necr       45%        N/A       1%          6
 Starburst                Conj/Fire      44%        6d12      1%          6
 Statue Form              Tmut/Erth      61%        N/A       1%          6
 Summon Cactus Giant      Summ           44%        N/A       1%          6
 Storm Form               Tmut/Air       46%        N/A       1%          7
 Enfeeble                 Hex            44%        N/A       4%          7
 Monstrous Menagerie      Summ           44%        N/A       4%          7
 Orb of Destruction       Conj           44%        9d12      4%          7
 Ozocubu's Refrigeration  Ice            44%        4d13      4%          7
 Spellforged Servitor     Conj/Summ      44%        N/A       4%          7
 Necromutation            Tmut/Necr      47%        N/A       11%         8
 Borgnjor's Revivificati  Necr           46%        N/A       16%         8
 Infestation              Necr           46%        N/A       16%         8
 Ignition                 Fire           44%        3d13      28%         8
 Maxwell's Capacitive Co  Air            44%        ∞         28%         8
 Death's Door             Necr           46%        N/A       91%         9
 Fire Storm               Conj/Fire      44%        8d11      98%         9
 Polar Vortex             Ice            44%        N/A       98%         9


Dungeon Overview and Level Annotations

Branches:
Dungeon (15/15)            Temple (0/1) D:6            Lair (6/6) D:11
 Shoals (4/4) Lair:2        Snake (4/4) Lair:3        Slime (0/5) Lair:6
    Orc (2/2) D:9             Elf (3/3) Orc:2        Vaults (5/5) D:13
 Depths (4/4) D:15            Zot (1/5) Depths:4
  Crypt: Vaults:2-3

Altars:
Cheibriados
Elyvilon
Gozag
Makhleb
Sif Muna
Trog
Vehumet
Wu Jian
Yredelemnul
Zin
The Shining One
Beogh
Jiyva
Lugonu

Shops:
D:2 (   D:8 [[![   D:12 (   Orc:2 [[*(   Elf:2 *   Elf:3 (   Shoals:1 *
Shoals:3 **   Shoals:4 ?   Snake:1 ==:   Snake:2 *[[*   Snake:3 [   Snake:4 [
Vaults:2 (   Vaults:4 (   Vaults:5 [   Depths:1 (   Depths:2 *

Portals:
Hell: Depths:1 Depths:2 Depths:3 Depths:4
Abyss: Depths:1 Depths:3
Pandemonium: Depths:2 Depths:3 Depths:4
Ziggurat: Depths:3

Annotations:
D:3 exclusion: downstairs
D:5 2 transporters
D:10 corrupted
D:12 corrupted
Lair:5 corrupted
Lair:6 corrupted
Shoals:2 corrupted
Shoals:4 corrupted
Snake:1 corrupted
Snake:2 1 runed translucent door, Saojabem's ghost, adept MiBe
Snake:4 3 runed translucent doors, corrupted, blackman's ghost, adept HuDe
Orc:1 corrupted
Orc:2 corrupted
Elf:2 corrupted
Elf:3 corrupted
Vaults:1 corrupted
Vaults:2 corrupted, exclusion: downstairs
Vaults:3 corrupted
Vaults:5 corrupted
Depths:1 corrupted
Depths:2 corrupted
Depths:3 corrupted
Depths:4 corrupted, 1 runed translucent door, Foimof's ghost, adept FeVM
Zot:1 corrupted, 3 runed translucent doors, Palms's ghost, legendary OpTm
Abyss:1 Lodul, Maggie


Innate Abilities, Weirdness & Mutations

You have very sharp teeth.
Your uncanny sense of smell can sniff out nearby items.
Your experience applies equally to all skills.
You expend magic power (3 MP) to strengthen your wands.


Message History

* * * LOW HITPOINT WARNING * * *
The searing blast hits the small abomination!!!
The small abomination is destroyed!
The small abomination disappears in a puff of smoke!
A searing blast appears from out of your range of vision.
Your wraith hits the electric golem.
Your wraith drains the electric golem's vigour!
The electric golem seems to slow down.
Your black draconian zombie hits the purple draconian.
The electric golem hits your wraith but does no damage.
The electric golem hits your wraith! The electric golem shocks your wraith!!
Your wraith is destroyed!
Your wraith disappears in a puff of smoke!
Okay, then.
Blink to where?
Press: ? - help, Dir - move target
Found 18 gold pieces.
As you read the scroll of blinking, it crumbles to dust.
You feel yourself speed up.
Your reaping aura expires.
* * * LOW HITPOINT WARNING * * *
x2 The dire elephant skeleton completely misses Palms's ghost.
The electric golem blinks!
Your black draconian zombie hits the purple draconian.
The purple draconian shifter points at you and mumbles some strange words.
The purple draconian blinks!
The electric golem blinks!
Palms's ghost blinks!
The red draconian blinks into view!
You hear a roar!
You feel better.
* * * LOW HITPOINT WARNING * * *
The purple draconian looks more energetic.
You block the storm dragon's attack. The storm dragon misses you.
The storm dragon tramples you.
* * * LOW HITPOINT WARNING * * *
You hold your ground!
You block the purple draconian's attack.
The electric golem blinks!
The red draconian barely misses you.
You block the purple draconian's attack.
Your purple draconian zombie closely misses the purple draconian shifter.
Palms's ghost hits you!!
You die...

#.# #.# #.# #.#
##########.# ###
#........§# ...#
#....§§...####...#.
#q.d..Z§Z.##.......
#W@9....§Z##.......
......Ddd.....q##.......
......####.##.#.d..)....
...$.. ........8§§t###.
..... ......?.○XX5.#.#.?
..... ..########XX.....§
.... ..#....d..#......§
##.. #...dD).#...###§
+...Z.?D#.#.....


You could see an electric golem (slow), a storm dragon, 2 draconians, a red
draconian, a purple draconian shifter (catching breath, ally target), a white
draconian stormcaller, Palms's ghost (toxic aura), a neutral dire elephant
skeleton (summoned, distracted), a friendly black draconian zombie and a
friendly purple draconian zombie.

Vanquished Creatures
  A dread lich (Vaults:5)
  2 tentacled monstrosities (Vaults:5)
  2 walking earthen tomes (Depths:3)
  A titan (Vaults:5)
  A deep elf master archer (Elf:3)
  A storm dragon (Vaults:4)
  5 sphinxes
  3 shadow dragons
  A fire giant (Vaults:5)
  2 tengu reavers (Vaults:5)
  Aizul (Snake:2)
  An orc warlord (Vaults:4)
  2 frost giants (Depths:1)
  A deep elf sorcerer (Vaults:3)
  5 vault wardens
  6 ironbound preservers
  2 spriggan defenders (Depths:3)
  9 very ugly things
  3 ironbound thunderhulks
  A vampire knight (Depths:1)
  2 war gargoyles (Vaults:4)
  8 stone giants
  A purple draconian (Zot:1)
  A black draconian (Zot:1)
  A deep elf demonologist (Elf:3)
  A deep elf annihilator (Vaults:3)
  An entropy weaver (Vaults:3)
  6 spark wasps
  A red draconian (Depths:4)
  3 deep elf death magi
  A quicksilver dragon zombie (Depths:2)
  A green death (Depths:3)
  Snorg (D:12)
  5 fire dragons
  3 ettins
  3 merfolk javelineers (Shoals:4)
  6 yaktaur captains
  4 deep elf high priests
  2 merfolk impalers (Shoals:4)
  2 great orbs of eyes
  5 hydras
  24 vault guards
  3 ice dragons
  3 spriggan air magi
  3 catoblepae
  5 anacondas
  2 merfolk avatars (Shoals:4)
  2 salamander tyrants
  3 boulder beetles (D:12)
  10 centaur warriors
  5 ironbound frosthearts
  10 two-headed ogres
  11 dancing weapons
  5 naga warriors
  3 merfolk aquamancers
  7 tengu warriors
  A satyr (shapeshifter) (Vaults:5)
  3 deep troll earth magi
  4 deep troll shamans
  11 death yaks
  2 naga sharpshooters
  2 shock serpents
  A sun demon (Depths:2)
  A soul eater (Depths:3)
  3 deep elf knights
  7 hell knights
  Sonja (Orc:1)
  2 skeletal warriors
  6 iron trolls
  A spark wasp zombie (Depths:2)
  2 entropy weaver zombies (Vaults:3)
  2 large abominations (Depths:1)
  5 sea snakes
  21 deep trolls
  A swamp dragon (Vaults:3)
  4 wizards
  5 lindwurms
  A naga ritualist (Snake:3)
  2 deep elf archers (Elf:3)
  2 glowing orange brains
  A flayed ghost (Depths:3)
  12 ironbound convokers
  A golden dragon skeleton (Depths:3)
  10 deep elf pyromancers
  4 mana vipers
  8 harpies (Shoals:4)
  4 necromancers
  A fire giant zombie (Depths:3)
  4 orc sorcerers
  5 deep elf zephyrmancers
  5 orc knights
  6 fauns
  28 ugly things
  12 manticores
  7 cyclopes
  A moth of wrath (Zot:1)
  5 elephants (Lair:6)
  A guardian serpent (Snake:1)
  20 black mambas
  3 orc zombies
  A centaur zombie (D:15)
  4 vault sentinels
  2 water nymphs (Shoals:4)
  3 merfolk sirens
  2 naga magi
  A frost giant skeleton (Depths:3)
  A centaur skeleton (D:15)
  13 cane toads
  A torpor snail (Lair:2)
  A gargoyle (D:12)
  A smoke demon (Depths:3)
  6 unseen horrors
  A kobold demonologist (D:9)
  An unseen horror (shapeshifter) (Depths:3)
  5 rime drakes
  A komodo dragon (shapeshifter) (D:13)
  5 komodo dragons
  2 freezing wraiths
  17 yaktaurs
  A yaktaur skeleton (Vaults:3)
  An ice devil (Depths:3)
  3 tengu conjurers
  A polar bear (shapeshifter) (D:13)
  6 hornets
  6 trolls
  A red devil (Depths:4)
  2 wind drakes
  A polar bear (Lair:1)
  5 merfolk (Shoals:4)
  3 blink frogs (Lair:6)
  5 saltlings (Orc:2)
  A tarantella (shapeshifter) (Vaults:3)
  2 ettin zombies
  A snapping turtle (Shoals:4)
  5 slime creatures
  A wraith (D:8)
  2 air elementals (Elf:2)
  36 yaks
  5 water elementals
  6 wyverns
  2 centaur simulacra (D:15)
  A ynoxinul (Depths:3)
  2 spriggans
  3 small abominations (Depths:1)
  5 basilisks
  A golden eye (shapeshifter) (Elf:1)
  2 chaos spawn
  2 fire elementals
  3 redbacks
  A steam dragon (D:8)
  4 vampire mosquitoes
  A warg (Orc:2)
  Menkaure (D:5)
  An elf skeleton (Vaults:3)
  Duvessa (D:5)
  4 nagas
  A tengu zombie (Depths:1)
  An acid dragon (D:14)
  2 hell hounds (Elf:3)
  6 orc warriors
  15 water moccasins
  A glowing shapeshifter skeleton (Vaults:3)
  An ice beast (D:7)
  4 black bears
  A sky beast (D:7)
  2 boggarts (Vaults:1)
  12 wolves
  11 ogres
  2 centaurs
  8 kobold brigands
  5 human zombies
  2 nameless horrors
  9 bullfrogs
  A yaktaur zombie (Vaults:3)
  A necrophage (D:7)
  2 gnoll sergeants
  A glowing shapeshifter simulacrum (Depths:3)
  A water moccasin zombie (Lair:2)
  A scorpion (D:4)
  7 earth elementals (D:14)
  19 wights
  Dowan (D:5)
  12 killer bees
  2 electric eels (Lair:3)
  5 howler monkeys
  4 lava snakes
  4 hounds
  3 jellies
  An orc priest (D:7)
  Ijyb (D:5)
  2 gnoll shamans
  Jessica (D:2)
  A hell rat (Elf:3)
  7 iguanas
  12 orc wizards
  Robin (D:2)
  32 gnolls
  6 adders
  A white imp (D:6)
  An ufetubus (D:7)
  A worm (D:4)
  3 dart slugs
  32 orcs
  2 ball pythons
  5 endoplasms
  13 giant cockroaches
  12 goblins
  3 hobgoblins
  3 jackals (D:1)
  2 quokkas
  3 bats
  A frilled lizard (D:3)
  5 kobolds
  3 rats (D:1)
929 creatures vanquished.

Vanquished Creatures (collateral kills)
  A dread lich (Vaults:5)
  2 ancient liches
  A juggernaut (Depths:3)
  4 golden dragons
  A bone dragon (Depths:4)
  Jorgrun (Snake:3)
  4 tentacled monstrosities
  3 titans
  2 liches (Depths:3)
  A walking divine tome (Depths:3)
  6 sphinxes
  4 shadow dragons (Vaults:5)
  A tengu reaver (Vaults:3)
  4 nagarajas
  9 vault wardens
  3 fire giants
  3 frost giants
  2 deep elf sorcerers
  An orc warlord (Vaults:3)
  An iron dragon (Depths:3)
  A draconian stormcaller (Depths:4)
  A balrug (Depths:2)
  A spriggan defender (Depths:3)
  14 very ugly things
  6 ironbound preservers
  2 war gargoyles
  2 stone giants
  2 ironbound thunderhulks
  The ghost of Opripao the Severer, a journeyman MiFi of Qazlal (D:15)
  A deep elf annihilator (Elf:3)
  4 deep elf demonologists
  2 spark wasps (Depths:1)
  An entropy weaver (shapeshifter) (Vaults:3)
  2 white draconians (Depths:4)
  A red draconian (Zot:1)
  An entropy weaver (Vaults:1)
  11 ettins
  3 merfolk impalers
  2 merfolk javelineers (Shoals:4)
  2 deep elf death magi
  5 fire dragons
  5 great orbs of eyes
  5 yaktaur captains
  2 deep elf high priests
  A spriggan air mage (Depths:2)
  15 vault guards
  3 ogre magi
  3 hydras (Elf:3)
  An ice dragon (Depths:3)
  A hell beast (Depths:4)
  4 merfolk avatars
  5 anacondas
  A peacekeeper (Vaults:4)
  2 rakshasas
  2 alligator snapping turtles (Shoals:4)
  3 merfolk aquamancers
  4 naga warriors
  5 centaur warriors
  A satyr (Shoals:4)
  A tengu warrior (Depths:2)
  2 ironbound frosthearts
  7 dancing weapons
  A death yak (Lair:5)
  3 deep troll shamans
  A shock serpent (shapeshifter) (Depths:4)
  7 deep troll earth magi
  2 vampire magi (Depths:2)
  4 shock serpents
  4 spriggan berserkers
  An orc high priest (Elf:2)
  9 naga sharpshooters
  3 deep elf knights (Elf:2)
  2 hell knights (Depths:4)
  A shadow wraith (Vaults:5)
  3 sea snakes
  2 skeletal warriors (Vaults:3)
  2 sun demons
  A sixfirhy (Depths:4)
  17 deep trolls
  2 iron trolls
  A flayed ghost (Depths:3)
  A shadow demon (Depths:2)
  A golden dragon zombie (Depths:2)
  A glowing orange brain (Vaults:4)
  15 naga ritualists
  4 deep elf archers
  7 lindwurms
  2 necromancers
  14 deep elf zephyrmancers
  3 wizards
  12 harpies
  20 deep elf pyromancers
  4 orc knights
  10 ironbound convokers
  4 phantasmal warriors
  2 mana vipers
  14 salamanders
  18 ugly things
  9 fauns
  3 cyclopes
  A frost giant skeleton (Depths:1)
  An elephant (shapeshifter) (Vaults:3)
  6 manticores
  2 large abominations (Depths:1)
  2 moths of wrath (shapeshifter) (Vaults:5)
  3 merfolk sirens
  A smoke demon (Depths:2)
  A sphinx skeleton (Depths:2)
  2 guardian serpents (Snake:1)
  5 naga magi
  14 vault sentinels
  10 black mambas
  A stone giant skeleton (Vaults:3)
  2 cane toads
  10 yaktaurs
  6 tengu conjurers
  A red devil (Depths:2)
  26 merfolk
  3 wind drakes (Shoals:4)
  A hornet (Depths:4)
  3 dream sheep (Shoals:2)
  15 slime creatures
  7 snapping turtles
  A frost giant simulacrum (Depths:1)
  5 small abominations (Depths:1)
  4 spriggans
  11 water elementals
  2 wyverns (Lair:3)
  5 fire elementals
  A basilisk (Elf:3)
  2 redbacks (Vaults:1)
  3 chaos spawn
  3 neqoxecs
  A warg (Vaults:5)
  21 nagas
  A water moccasin (Lair:6)
  A floating eye (shapeshifter) (Vaults:5)
  3 hell hounds (Elf:3)
  2 floating eyes
  9 orc warriors
  A human zombie (Vaults:3)
  2 centaurs (D:13)
  A boggart (Vaults:1)
  3 human skeletons (Vaults:3)
  A bullfrog (Lair:3)
  4 earth elementals
  2 nameless horrors
  2 orc priests
  4 orc wizards
  3 orcs
  A goblin (D:2)
  A starspawn tentacle (Shoals:4)
625 creatures vanquished.

Vanquished Creatures (others)
  An ancient lich (Depths:2)
  Mennas (Vaults:2)
  Sojobo (Depths:3)
  Nikola (Shoals:2)
  2 tentacled monstrosities (Zot:1)
  Rupert (Lair:6)
  Asterion (Depths:2)
  Polyphemus (Shoals:2)
  2 deep elf blademasters
  A deep elf master archer (Elf:3)
  Gastronok (D:10)
  Frances (Shoals:2)
  A storm dragon (Depths:4)
  2 tengu reavers (Depths:3)
  2 draconian monks
  Ilsuiw (Shoals:4)
  2 nagarajas (Snake:4)
  A shadow dragon (Zot:1)
  A draconian knight (Zot:1)
  2 fire giants
  2 vault wardens
  8 deep elf sorcerers (Elf:3)
  2 frost giants
  A draconian shifter (Zot:1)
  An orc warlord (Orc:2)
  3 deep elf elementalists (Elf:3)
  An ironbound preserver (Vaults:1)
  2 stone giants (Depths:1)
  A draconian annihilator (Zot:1)
  2 ironbound thunderhulks
  5 very ugly things (Vaults:3)
  4 deep elf demonologists
  3 green draconians (Zot:1)
  4 dire elephants (Vaults:3)
  A yellow draconian (Depths:4)
  2 red draconians
  3 deep elf annihilators (Elf:3)
  3 merfolk javelineers
  5 very ugly thing zombies
  Josephine (Orc:1)
  3 fire dragons
  A merfolk impaler (Shoals:4)
  5 vault guards
  A great orb of eyes (Vaults:3)
  5 yaktaur captains
  5 deep elf high priests (Elf:3)
  3 spriggan air magi
  Harold (D:10)
  2 salamander tyrants
  Erolcha (D:12)
  An ice dragon (Depths:1)
  A spriggan skeleton (Depths:1)
  3 merfolk aquamancers (Shoals:2)
  2 catoblepae
  4 anacondas
  11 dancing weapons (Elf:2)
  3 merfolk avatars (Shoals:2)
  8 centaur warriors
  2 deep troll earth magi
  6 naga warriors (Snake:4)
  A deep troll shaman (Depths:1)
  A two-headed ogre (D:10)
  2 death yaks (Shoals:2)
  A vampire mage (Depths:1)
  2 spriggan berserkers
  2 deep elf knights (Elf:2)
  An orc high priest (Orc:2)
  2 shock serpents
  5 naga sharpshooters (Snake:4)
  5 spark wasp zombies
  2 salamander mystics
  A flayed ghost (Depths:4)
  2 iron trolls (Depths:1)
  A skeletal warrior (Vaults:3)
  5 deep trolls (Depths:1)
  A golden dragon zombie (Depths:3)
  4 anaconda zombies
  12 sea snakes
  4 naga ritualists
  A necromancer (Depths:1)
  3 sphinx zombies
  An iron dragon zombie (Depths:3)
  7 ironbound convokers
  A faun (Shoals:2)
  4 wizards
  4 orc knights
  3 deep elf zephyrmancers (Elf:2)
  2 shadow dragon zombies (Vaults:5)
  A lindwurm (Lair:6)
  A mana viper (Snake:1)
  4 deep elf pyromancers
  10 ugly thing zombies
  3 ugly things (Vaults:2)
  A frost giant zombie (Depths:3)
  5 stone giant zombies
  2 fire giant zombies
  A draconian zombie (Zot:1)
  2 cyclopes
  9 salamanders
  4 moths of wrath (Zot:1)
  6 elephants (Lair:5)
  A manticore (Shoals:2)
  13 black mambas
  2 vault sentinels (Vaults:3)
  4 merfolk sirens
  3 water nymphs (Shoals:2)
  4 naga magi (Snake:4)
  2 cane toads (Lair:5)
  A gargoyle (D:12)
  A torpor snail (Lair:5)
  5 sea snake zombies
  An unseen horror (shapeshifter) (Depths:4)
  A komodo dragon (Lair:6)
  A kobold demonologist (D:12)
  5 yaktaurs (Vaults:3)
  8 merfolk
  A tengu conjurer (Depths:1)
  6 harpy zombies
  A troll (Orc:2)
  A wind drake (Shoals:4)
  A hornet (Depths:3)
  2 ice dragon zombies
  9 dream sheep
  2 moth of wrath zombies (Zot:1)
  2 snapping turtles
  2 ettin zombies
  A tarantella zombie (Vaults:3)
  A great orb of eyes zombie (Vaults:4)
  2 slime creatures (Vaults:2)
  A fire giant simulacrum (Depths:1)
  2 satyr zombies
  A fire dragon zombie (Depths:2)
  A wyvern (Lair:5)
  8 black mamba zombies
  10 yaks
  A wind drake zombie (Shoals:4)
  3 water elementals
  3 wraiths (Orc:1)
  3 slime creature zombies (Vaults:2)
  18 elf zombies
  A chaos spawn (Depths:1)
  2 faun zombies (Shoals:1)
  A redback (Vaults:3)
  4 nagas
  9 deep troll zombies
  4 wargs
  3 water moccasins
  2 cane toad zombies
  3 hornet zombies
  17 orc warriors
  2 manticore zombies
  3 lindwurm zombies (Vaults:2)
  43 human zombies
  A swamp dragon zombie (Vaults:3)
  A kobold zombie (Orc:1)
  15 merfolk zombies
  6 ogres
  An elephant zombie (Vaults:3)
  2 dream sheep zombies (Shoals:2)
  A wolf (Lair:6)
  2 kobold brigands (D:12)
  9 salamander zombies
  10 yaktaur zombies
  A komodo dragon zombie (Lair:5)
  3 cyclops zombies
  A warg zombie (Orc:2)
  6 spriggan zombies
  5 tengu zombies
  An electric eel (Orc:2)
  A bullfrog zombie (Lair:5)
  2 centaur zombies
  3 jellies (Lair:6)
  5 orc priests
  A gnoll shaman (Orc:1)
  17 orc wizards
  14 naga zombies
  An ogre zombie (Orc:1)
  A gnoll (Orc:1)
  2 iguana zombies
  A lava snake zombie (Lair:3)
  32 orcs
  3 bats (Orc:1)
  An endoplasm (Lair:6)
  3 gnoll zombies (Orc:1)
  A kobold (D:12)
  33 orc zombies
  A bush (Lair:6)
  A butterfly (Lair:5)
  23 foxfires (Elf:3)
  68 fungi
  7 pillars of salt (Orc:2)
  169 plants
  5 snaplasher vines
  136 starspawn tentacles
1101 creatures vanquished.

Grand Total: 2655 creatures vanquished

Notes
Turn   | Place    | Note
-------+----------+-------------------------------------------
     0 | D:1      | dolemite99 the Gnoll Necromancer began the quest for the
                  | Orb.
     0 | D:1      | Reached XP level 1. HP: 13/13 MP: 6/6
   185 | D:1      | Reached XP level 2. HP: 12/19 MP: 1/7
   919 | D:1      | Found a faded altar of an unknown god.
   932 | D:1      | Reached skill level 5 in Spellcasting
   932 | D:1      | Reached XP level 3. HP: 23/25 MP: 2/9
  1093 | D:1      | Prayed at the altar of an unknown god.
  1093 | D:1      | Became a worshipper of Lugonu the Unformed
  1093 | D:1      | Reached * piety under Lugonu
  1093 | D:1      | Reached ** piety under Lugonu
  1631 | D:2      | Reached skill level 1 in Invocations
  1837 | D:2      | Noticed Robin
  1854 | D:2      | Learned a level 3 spell: Vampiric Draining
  2065 | D:2      | Reached skill level 1 in Fighting
  2065 | D:2      | Reached skill level 1 in Short Blades
  2065 | D:2      | Reached skill level 1 in Long Blades
  2065 | D:2      | Reached skill level 1 in Axes
  2065 | D:2      | Reached skill level 1 in Maces & Flails
  2065 | D:2      | Reached skill level 1 in Polearms
  2065 | D:2      | Reached skill level 1 in Staves
  2065 | D:2      | Reached skill level 1 in Ranged Weapons
  2065 | D:2      | Reached skill level 1 in Throwing
  2065 | D:2      | Reached skill level 1 in Armour
  2065 | D:2      | Reached skill level 1 in Shields
  2065 | D:2      | Reached skill level 1 in Unarmed Combat
  2065 | D:2      | Reached skill level 1 in Evocations
  2166 | D:2      | Found Udithrit's Weapon Boutique.
  2237 | D:2      | Noticed Jessica
  2242 | D:2      | Killed Jessica
  2243 | D:2      | Reached XP level 4. HP: 25/32 MP: 4/11
  2353 | D:2      | Killed Robin
  2354 | D:2      | Reached skill level 1 in Conjurations
  2354 | D:2      | Reached skill level 1 in Hexes
  2354 | D:2      | Reached skill level 1 in Summonings
  2354 | D:2      | Reached skill level 1 in Translocations
  2354 | D:2      | Reached skill level 1 in Transmutations
  2354 | D:2      | Reached skill level 1 in Fire Magic
  2354 | D:2      | Reached skill level 1 in Ice Magic
  2354 | D:2      | Reached skill level 1 in Air Magic
  2354 | D:2      | Reached skill level 1 in Earth Magic
  2354 | D:2      | Reached skill level 1 in Poison Magic
  3583 | D:3      | Reached XP level 5. HP: 18/37 MP: 5/12
  4704 | D:4      | You fall into a shaft and drop 1 floor!
  4704 | D:5      | Entered Level 5 of the Dungeon
  4707 | D:5      | Noticed an ogre
  4716 | D:5      | Killed an ogre
  4717 | D:5      | Reached XP level 6. HP: 24/44 MP: 4/13
  4867 | D:5      | Reached skill level 5 in Dodging
  4962 | D:5      | Found a transporter.
  4976 | D:5      | Noticed Duvessa
  4977 | D:5      | Noticed Dowan
  4977 | D:5      | Noticed Ijyb
  5041 | D:4      | Reached skill level 2 in Axes
  5049 | D:4      | Reached *** piety under Lugonu
  5917 | D:4      | Learned a level 4 spell: Animate Dead
  6165 | D:4      | Reached XP level 7. HP: 31/51 MP: 10/15
  6760 | D:5      | Killed Ijyb
  6823 | D:5      | Found an ornate altar of the Wu Jian Council.
  6867 | D:5      | Reached skill level 5 in Stealth
  6964 | D:5      | Killed Dowan
  7254 | D:5      | Learned a level 3 spell: Mephitic Cloud
  7258 | D:5      | Learned a level 3 spell: Ignite Poison
  7287 | D:5      | Killed Duvessa
  7288 | D:5      | Reached skill level 3 in Axes
  7288 | D:5      | Reached XP level 8. HP: 35/58 MP: 7/16
  7608 | D:5      | Learned a level 2 spell: Ensorcelled Hibernation
  7608 | D:5      | Noticed Menkaure
  7618 | D:5      | Killed Menkaure
  7965 | D:5      | Found a bloodstained altar of Trog.
  8102 | D:5      | Found a transporter.
  8522 | D:6      | Identified a scroll of acquirement
  8522 | D:6      | Acquired the ring of the Solstice {Fly rN+ MP+9}
  8648 | D:6      | Reached skill level 4 in Axes
  9340 | D:6      | Reached XP level 9. HP: 65/65 MP: 18/18
  9340 | D:6      | Reached **** piety under Lugonu
  9613 | D:6      | Found a radiant altar of Vehumet.
  9733 | D:6      | Found a staircase to the Ecumenical Temple.
 10306 | D:6      | Identified the +3 falchion "Utokhew" {vorpal, rF+ rC+}
 10550 | D:7      | Reached skill level 5 in Axes
 10570 | D:7      | Reached skill level 5 in Invocations
 11461 | D:7      | Reached skill level 6 in Axes
 11645 | D:7      | Reached skill level 5 in Fighting
 11645 | D:7      | Reached skill level 5 in Short Blades
 11645 | D:7      | Reached skill level 5 in Long Blades
 11645 | D:7      | Reached skill level 5 in Maces & Flails
 11645 | D:7      | Reached skill level 5 in Polearms
 11645 | D:7      | Reached skill level 5 in Staves
 11645 | D:7      | Reached skill level 5 in Ranged Weapons
 11645 | D:7      | Reached skill level 5 in Throwing
 11645 | D:7      | Reached skill level 5 in Armour
 11645 | D:7      | Reached skill level 5 in Shields
 11645 | D:7      | Reached skill level 5 in Unarmed Combat
 11645 | D:7      | Reached skill level 5 in Evocations
 11645 | D:7      | Reached XP level 10. HP: 64/74 MP: 20/20
 11725 | D:7      | Found a basalt altar of Yredelemnul.
 11796 | D:7      | Found a shimmering blue altar of Sif Muna.
 12412 | D:8      | Found a glowing golden altar of the Shining One.
 12413 | D:8      | Found a glowing silver altar of Zin.
 12913 | D:8      | Found Utievygi's Distillery.
 12915 | D:8      | Found Qiluatac's Antique Armour Shop.
 12916 | D:8      | Found Asmohosch's Armour Shop.
 12956 | D:8      | Bought a potion of invisibility for 80 gold pieces
 12956 | D:8      | Bought a potion of invisibility for 80 gold pieces
 12956 | D:8      | Bought a potion of invisibility for 80 gold pieces
 12956 | D:8      | Bought a potion of cancellation for 80 gold pieces
 12991 | D:8      | Found a burning altar of Makhleb.
 13151 | D:8      | Found an opulent altar of Gozag.
 13370 | D:8      | Found Qeas's Armour Shop.
 13428 | D:8      | Found a white marble altar of Elyvilon.
 13872 | D:9      | Noticed a tengu warrior
 13924 | D:9      | Noticed a kobold demonologist
 13949 | D:9      | Noticed a rust devil
 13963 | D:9      | Killed a kobold demonologist
 13964 | D:9      | Reached skill level 7 in Axes
 14147 | D:9      | Noticed Maggie
 14414 | D:9      | Found a staircase to the Orcish Mines.
 14594 | D:9      | Killed a tengu warrior
 14629 | D:9      | Reached skill level 5 in Conjurations
 14629 | D:9      | Reached skill level 5 in Hexes
 14629 | D:9      | Reached skill level 5 in Summonings
 14629 | D:9      | Reached skill level 5 in Translocations
 14629 | D:9      | Reached skill level 5 in Transmutations
 14629 | D:9      | Reached skill level 5 in Fire Magic
 14629 | D:9      | Reached skill level 5 in Ice Magic
 14629 | D:9      | Reached skill level 5 in Air Magic
 14629 | D:9      | Reached skill level 5 in Earth Magic
 14629 | D:9      | Reached skill level 5 in Poison Magic
 14629 | D:9      | Reached XP level 11. HP: 59/81 MP: 22/22
 14635 | D:9      | Reached skill level 8 in Axes
 14937 | D:9      | Found a snail-covered altar of Cheibriados.
 15241 | D:9      | Banished Maggie
 15614 | D:10     | Entered Level 10 of the Dungeon
 16075 | D:10     | Noticed a two-headed ogre
 16091 | D:10     | Killed a two-headed ogre
 16466 | D:10     | Noticed Gastronok
 16924 | D:10     | Noticed a two-headed ogre
 16936 | D:10     | Noticed a two-headed ogre
 16938 | D:10     | Killed a two-headed ogre
 16938 | D:10     | Noticed Harold
 16942 | D:10     | Corrupted D:10
 16942 | D:10     | Noticed a thrashing horror
 16942 | D:10     | Noticed a bone dragon
 16942 | D:10     | Noticed a thrashing horror
 16942 | D:10     | Noticed a large abomination
 16942 | D:10     | Noticed a mana viper
 16942 | D:10     | Noticed a rakshasa
 16942 | D:10     | Noticed a large abomination
 16942 | D:10     | Noticed a bunyip
 16943 | D:10     | Killed a two-headed ogre
 16945 | D:10     | Noticed a sixfirhy
 16945 | D:10     | Killed Harold
 16946 | D:10     | Noticed a large abomination
 16953 | D:10     | Killed Gastronok
 17972 | D:10     | Noticed Lodul
 18597 | D:10     | Banished Lodul
 18598 | D:10     | Reached skill level 9 in Axes
 18668 | D:11     | Noticed a white ugly thing
 18670 | D:11     | Killed a white ugly thing
 19267 | D:11     | Found a staircase to the Lair.
 19595 | D:11     | Reached XP level 12. HP: 66/91 MP: 24/24
 20007 | Lair:1   | Entered Level 1 of the Lair of Beasts
 20014 | Lair:1   | Learned a level 5 spell: Freezing Cloud
 21134 | Lair:2   | Found a staircase to the Shoals.
 21172 | Lair:2   | Reached skill level 10 in Axes
 21760 | Lair:2   | Noticed a death yak
 21816 | Lair:2   | Noticed a death yak
 21827 | Lair:2   | Banished a death yak
 21837 | Lair:2   | Killed a death yak
 22392 | Lair:2   | Learned a level 5 spell: Manifold Assault
 22561 | Lair:3   | Found a staircase to the Snake Pit.
 22869 | Lair:3   | Reached XP level 13. HP: 98/98 MP: 26/26
 23709 | Lair:4   | Reached skill level 11 in Axes
 23826 | Lair:3   | Reached skill level 10 in Necromancy
 24183 | Snake:1  | Entered Level 1 of the Snake Pit
 24410 | Lair:4   | Identified the +4 long sword of the Grave {vorpal, Fragile
                  | rElec rPois}
 25868 | Lair:5   | Reached skill level 10 in Spellcasting
 26163 | Lair:5   | Corrupted Lair:5
 26163 | Lair:5   | Noticed a starcursed mass
 26163 | Lair:5   | Noticed a tentacled starspawn
 26163 | Lair:5   | Noticed a cacodemon
 26163 | Lair:5   | Noticed an Executioner
 26163 | Lair:5   | Noticed a cyan very ugly thing
 26163 | Lair:5   | Noticed a great orb of eyes
 26164 | Lair:5   | Noticed a revenant
 26263 | Lair:5   | Noticed a balrug
 27013 | Lair:6   | Entered Level 6 of the Lair of Beasts
 27056 | Lair:6   | Reached skill level 10 in Dodging
 27128 | Lair:6   | Noticed Rupert
 27132 | Lair:6   | Paralysed by Rupert for 5 turns
 27324 | Lair:6   | Corrupted Lair:6
 27324 | Lair:6   | Noticed a tentacled starspawn
 27324 | Lair:6   | Noticed a tentacled starspawn
 27324 | Lair:6   | Noticed a deep elf elementalist
 27324 | Lair:6   | Noticed a purple draconian shifter
 27324 | Lair:6   | Noticed a rakshasa
 27324 | Lair:6   | Noticed a starcursed mass
 27324 | Lair:6   | Noticed a tentacled starspawn
 27325 | Lair:6   | Noticed an Executioner
 27328 | Lair:6   | Noticed a starcursed mass
 27329 | Lair:6   | Killed Rupert
 27330 | Lair:6   | Noticed a tentacled starspawn
 27684 | Lair:6   | Found a viscous altar of Jiyva.
 27684 | Lair:6   | Found a staircase to the Slime Pits.
 27879 | Lair:6   | Noticed a tentacled starspawn
 27946 | Lair:5   | Reached skill level 12 in Axes
 28526 | Lair:6   | Reached skill level 10 in Stealth
 29040 | Lair:6   | Reached skill level 10 in Invocations
 29040 | Lair:6   | Reached XP level 14. HP: 108/108 MP: 28/28
 30614 | Lair:6   | Learned a level 5 spell: Summon Mana Viper
 30619 | Lair:6   | Learned a level 2 spell: Blink
 31039 | D:12     | Corrupted D:12
 31039 | D:12     | Noticed a starcursed mass
 31039 | D:12     | Noticed a tentacled starspawn
 31043 | D:12     | Noticed Erolcha
 31044 | D:12     | Noticed a starcursed mass
 31066 | D:12     | Killed Erolcha
 32319 | D:12     | Noticed Snorg
 32326 | D:12     | Killed Snorg
 32594 | D:12     | Found Votuy's Firing Range.
 32726 | D:12     | Reached skill level 13 in Axes
 32771 | D:12     | Bought 3 atropa-tipped darts for 25 gold pieces
 32771 | D:12     | Bought 6 poisoned darts for 33 gold pieces
 32817 | D:12     | Got the Reference Book on the Destructive Arsonist
 33344 | D:13     | Found a gate to the Vaults.
 34630 | D:14     | Identified the +3 chain mail of the Northern Lights {+Inv
                  | rC- rN++ Stlth+}
 34703 | D:14     | Reached skill level 10 in Fighting
 34703 | D:14     | Reached skill level 10 in Short Blades
 34703 | D:14     | Reached skill level 10 in Long Blades
 34703 | D:14     | Reached skill level 10 in Maces & Flails
 34703 | D:14     | Reached skill level 10 in Polearms
 34703 | D:14     | Reached skill level 10 in Staves
 34703 | D:14     | Reached skill level 10 in Ranged Weapons
 34703 | D:14     | Reached skill level 10 in Throwing
 34703 | D:14     | Reached skill level 10 in Armour
 34703 | D:14     | Reached skill level 10 in Shields
 34703 | D:14     | Reached skill level 10 in Unarmed Combat
 34703 | D:14     | Reached skill level 10 in Evocations
 34961 | D:14     | Reached XP level 15. HP: 108/115 MP: 30/30
 35377 | D:15     | Entered Level 15 of the Dungeon
 35377 | D:15     | Noticed Opripao's ghost (journeyman MiFi)
 35377 | D:15     | Found a runed translucent door.
 35391 | D:15     | Found a white marble altar of Elyvilon.
 36895 | D:15     | Reached skill level 14 in Axes
 37129 | D:15     | Acquired the +0 hat "Naawn" {rN++ Int+4}
 37162 | D:14     | Learned a level 4 spell: Summon Ice Beast
 37274 | Orc:1    | Entered Level 1 of the Orcish Mines
 37280 | Orc:1    | Noticed Sonja
 37290 | Orc:1    | Corrupted Orc:1
 37290 | Orc:1    | Noticed a tentacled monstrosity
 37295 | Orc:1    | Killed Sonja
 37299 | Orc:1    | Your ally Sonja died
 37331 | Orc:1    | Killed Josephine
 37346 | Orc:1    | Noticed a bone dragon
 37375 | Orc:1    | Noticed a tentacled starspawn
 38029 | Orc:2    | Entered Level 2 of the Orcish Mines
 38029 | Orc:2    | Noticed an orc warlord
 38029 | Orc:2    | Found a staircase to the Elven Halls.
 38030 | Orc:2    | Corrupted Orc:2
 38030 | Orc:2    | Noticed a tentacled starspawn
 38030 | Orc:2    | Noticed a tentacled starspawn
 38030 | Orc:2    | Noticed a revenant
 38030 | Orc:2    | Noticed a tentacled starspawn
 38031 | Orc:2    | Noticed a tentacled starspawn
 38040 | Orc:2    | Killed an orc warlord
 39729 | Orc:2    | Found Veozxe's Armour Shoppe.
 39748 | Orc:2    | Found Ufyu's Assorted Antiques.
 39750 | Orc:2    | Found Totz's Weapon Shop.
 39846 | Orc:2    | Bought a potion of heal wounds for 180 gold pieces
 39846 | Orc:2    | Bought a sapphire potion for 32 gold pieces
 39848 | Orc:2    | Bought 2 potions of might for 288 gold pieces
 39848 | Orc:2    | Bought an embroidered scarf for 288 gold pieces
 39869 | Orc:2    | Found Ecieruke's Antique Armour Boutique.
 40102 | Orc:2    | Bought a faintly glowing ring mail for 198 gold pieces
 40102 | Orc:2    | Identified the +4 ring mail "Ekosm" {rElec rF+ rCorr Int+3}
                  | (You bought it in a shop on level 2 of the Orcish Mines)
 40120 | Orc:2    | Bought a shiny helmet for 165 gold pieces
 40309 | D:8      | Bought 2 potions of haste for 200 gold pieces
 40309 | D:8      | Bought a potion of brilliance for 40 gold pieces
 40332 | D:8      | Bought a shiny helmet for 202 gold pieces
 40342 | D:8      | Upgraded the game from 0.29-a0-730-g5686a2c4f1 to
                  | 0.29-a0-732-g3d7fbe0af2
 40546 | Snake:1  | Corrupted Snake:1
 40546 | Snake:1  | Noticed a cacodemon
 40547 | Snake:1  | Noticed a tentacled starspawn
 40548 | Snake:1  | Noticed a bone dragon
 40550 | Snake:1  | Noticed a revenant
 40551 | Snake:1  | Noticed a tentacled starspawn
 40613 | Snake:1  | Noticed a bone dragon
 41385 | Snake:1  | Reached XP level 16. HP: 88/124 MP: 12/32
 41795 | Snake:1  | Found a glowing golden altar of the Shining One.
 41931 | Snake:1  | Found Mobest's Jewellery Shop.
 41932 | Snake:1  | Found Dumej's Book Emporium.
 41933 | Snake:1  | Found Qocub's Jewellery Shop.
 43177 | Snake:2  | Reached skill level 15 in Axes
 43868 | Snake:2  | Identified the +9 quarterstaff "Bowusm" {venom, *Corrode
                  | rElec rPois Stlth+}
 44083 | Snake:2  | Found Qahisikhle's Antique Armour Boutique.
 44090 | Snake:2  | Noticed a nagaraja
 44109 | Snake:2  | Killed a nagaraja
 44234 | Snake:2  | Found Eguagatu's Assorted Antiques.
 44234 | Snake:2  | Found Keff's Assorted Antiques.
 44237 | Snake:2  | Found Godwug's Antique Armour Shop.
 44244 | Snake:2  | Bought 2 potions of heal wounds for 280 gold pieces
 44244 | Snake:2  | Bought a potion of curing for 84 gold pieces
 44252 | Snake:2  | Bought a scroll labelled MEPIDA SEEWOIZ for 42 gold pieces
 44344 | Snake:2  | Noticed Aizul
 44359 | Snake:2  | Killed Aizul
 44482 | Snake:2  | Found a runed translucent door.
 44495 | Snake:2  | Noticed Saojabem's ghost (adept MiBe)
 44923 | Snake:2  | Noticed a nagaraja
 45573 | Snake:2  | Killed a nagaraja
 46598 | Snake:3  | Noticed Jorgrun
 46621 | Snake:3  | Killed Jorgrun
 46895 | Snake:3  | Found Titwy's Armour Emporium.
 47095 | Snake:3  | Identified the +3 broad axe of the Dragonfly {pain, Will++
                  | Str+2}
 47758 | Snake:3  | Reached skill level 10 in Transmutations
 47761 | Snake:3  | Reached XP level 17. HP: 120/133 MP: 10/33
 48068 | Shoals:1 | Entered Level 1 of the Shoals
 48106 | Shoals:1 | Reached skill level 10 in Conjurations
 48106 | Shoals:1 | Reached skill level 10 in Hexes
 48106 | Shoals:1 | Reached skill level 10 in Summonings
 48106 | Shoals:1 | Reached skill level 10 in Translocations
 48106 | Shoals:1 | Reached skill level 10 in Fire Magic
 48106 | Shoals:1 | Reached skill level 10 in Ice Magic
 48106 | Shoals:1 | Reached skill level 10 in Air Magic
 48106 | Shoals:1 | Reached skill level 10 in Earth Magic
 48106 | Shoals:1 | Reached skill level 10 in Poison Magic
 48140 | Shoals:1 | Found Jasm's General Store.
 48157 | Shoals:1 | Bought a potion of heal wounds for 90 gold pieces
 48184 | Shoals:1 | Reached skill level 16 in Axes
 49519 | Snake:2  | Bought a scroll of fear for 147 gold pieces
 49900 | Shoals:2 | Noticed Frances
 49911 | Shoals:2 | Corrupted Shoals:2
 49911 | Shoals:2 | Noticed an ancient lich
 49911 | Shoals:2 | Noticed a tentacled starspawn
 49911 | Shoals:2 | Noticed a bone dragon
 49920 | Shoals:2 | Killed Frances
 49927 | Shoals:2 | Noticed a bone dragon
 49929 | Shoals:2 | Noticed a tentacled starspawn
 49967 | Shoals:2 | Killed Nikola
 49968 | Shoals:2 | Killed Polyphemus
 50104 | Shoals:2 | Learned a level 3 spell: Stone Arrow
 50824 | Shoals:3 | Found Tujel's Specific Store.
 50828 | Shoals:3 | Found Neoph's General Store.
 51019 | Shoals:3 | Identified the +2 pair of boots of the Blessed Realm
                  | {*Corrode +Inv Will+ SInv Stlth+}
 51880 | Snake:4  | Entered Level 4 of the Snake Pit
 51880 | Snake:4  | Found a runed translucent gate.
 51880 | Snake:4  | Found a runed translucent gate.
 51881 | Snake:4  | Found a runed translucent gate.
 51881 | Snake:4  | Noticed blackman's ghost (adept HuDe)
 52594 | Snake:4  | Found Datuochu's Armour Shop.
 53009 | Snake:4  | Corrupted Snake:4
 53009 | Snake:4  | Noticed a tentacled starspawn
 53009 | Snake:4  | Noticed a hellephant
 53009 | Snake:4  | Noticed a tentacled starspawn
 53422 | Snake:4  | Got a serpentine rune of Zot
 54850 | Shoals:4 | Entered Level 4 of the Shoals
 54915 | Shoals:4 | Found Xesojaa's Magic Scroll Emporium.
 54929 | Shoals:4 | Bought a scroll of teleportation for 42 gold pieces
 54929 | Shoals:4 | Bought a scroll of teleportation for 42 gold pieces
 54929 | Shoals:4 | Bought a scroll of poison for 49 gold pieces
 55254 | Shoals:4 | Reached XP level 18. HP: 65/141 MP: 3/35
 55655 | Shoals:4 | Reached skill level 17 in Axes
 55870 | Shoals:4 | Noticed Ilsuiw
 55878 | Shoals:4 | Corrupted Shoals:4
 55898 | Shoals:4 | Killed Ilsuiw
 56962 | Shoals:4 | Got a barnacled rune of Zot
 58190 | Vaults:1 | Entered Level 1 of the Vaults
 58388 | Snake:1  | Bought a book of Alchemy for 392 gold pieces
 58392 | Snake:1  | Learned a level 2 spell: Sublimation of Blood
 60655 | Vaults:1 | Corrupted Vaults:1
 61618 | Vaults:2 | Noticed Mennas
 61620 | Vaults:2 | Corrupted Vaults:2
 61626 | Vaults:2 | Killed Mennas
 61849 | Vaults:2 | Found Aguoc's Weapon Emporium.
 61986 | Vaults:2 | Reached XP level 19. HP: 86/149 MP: 1/37
 62261 | Vaults:2 | Reached skill level 18 in Axes
 65797 | Shoals:3 | Bought a scroll of teleportation for 45 gold pieces
 66120 | Vaults:3 | Corrupted Vaults:3
 66124 | Vaults:3 | Noticed a bone dragon
 66291 | Vaults:3 | Reached skill level 15 in Invocations
 66408 | Vaults:3 | Reached XP level 20. HP: 109/158 MP: 10/38
 66628 | Vaults:3 | Identified the +0 dagger of the Brewing Lamprey {speed,
                  | rElec rF+ Will-}
 66850 | Vaults:3 | Reached skill level 19 in Axes
 67171 | Vaults:3 | Identified the +1 ring mail of Life {Rampage Fly rElec
                  | Dex+2}
 69551 | Shoals:3 | Bought a phantom mirror for 600 gold pieces
 69561 | Shoals:3 | Learned a level 5 spell: Summon Forest
 69566 | Shoals:3 | Learned a level 4 spell: Olgreb's Toxic Radiance
 69778 | Vaults:4 | Found Tyacyw's Antique Weapon Shop.
 70623 | Vaults:4 | Reached skill level 15 in Spellcasting
 70986 | Vaults:4 | Acquired 666 gold pieces
 71678 | Vaults:4 | Reached skill level 15 in Dodging
 72452 | Elf:1    | Entered Level 1 of the Elven Halls
 73226 | Elf:1    | Reached skill level 15 in Stealth
 73942 | Elf:2    | Found Vaeshrymn's Gadget Gallery.
 74094 | Elf:2    | Bought a wand of light (3) for 252 gold pieces
 74094 | Elf:2    | Bought a wand of iceblast (7) for 198 gold pieces
 74104 | Elf:2    | Bought a wand of charming (4) for 108 gold pieces
 74104 | Elf:2    | Bought a wand of digging (6) for 360 gold pieces
 74431 | Elf:2    | Paralysed by an air elemental for 1 turns
 74605 | Elf:2    | Reached ***** piety under Lugonu
 74657 | Elf:2    | Found a runed translucent gate.
 74657 | Elf:2    | Found a runed translucent gate.
 74657 | Elf:2    | Found a runed translucent gate.
 74737 | Elf:2    | Paralysed by an air elemental for 1 turns
 75809 | Elf:2    | Corrupted Elf:2
 76226 | Elf:2    | Reached XP level 21. HP: 166/166 MP: 32/40
 76839 | Elf:3    | Entered Level 3 of the Elven Halls
 77741 | Elf:3    | Corrupted Elf:3
 77982 | Elf:3    | Reached skill level 20 in Axes
 78300 | Elf:3    | Found Eraitos's Weapon Boutique.
 78567 | Elf:3    | Found a radiant altar of Vehumet.
 78856 | Elf:3    | Identified the +1 buckler of Bad Feelings {Will+ Str-4
                  | Int+3}
 78938 | Elf:3    | Identified the ring "Goef" {Dex+3 Slay+4}
 78941 | Elf:3    | Identified the +7 broad axe "Jellyslayer" {pain, rPois rC+}
 79517 | Elf:3    | Identified the amulet "Nuib" {Acrobat Str-5 Int+6 Stlth-}
 79532 | Elf:3    | Identified the ring of the Stallion {rPois Dex+4 SInv}
 79868 | D:15     | Found a staircase to the Depths.
 79874 | Depths:1 | Entered Level 1 of the Depths
 79921 | Depths:1 | Reached skill level 15 in Transmutations
 79930 | Depths:1 | Reached skill level 15 in Fighting
 79930 | Depths:1 | Reached skill level 15 in Short Blades
 79930 | Depths:1 | Reached skill level 15 in Long Blades
 79930 | Depths:1 | Reached skill level 15 in Maces & Flails
 79930 | Depths:1 | Reached skill level 15 in Polearms
 79930 | Depths:1 | Reached skill level 15 in Staves
 79930 | Depths:1 | Reached skill level 15 in Ranged Weapons
 79930 | Depths:1 | Reached skill level 15 in Throwing
 79930 | Depths:1 | Reached skill level 15 in Armour
 79930 | Depths:1 | Reached skill level 15 in Shields
 79930 | Depths:1 | Reached skill level 15 in Unarmed Combat
 79930 | Depths:1 | Reached skill level 15 in Evocations
 79953 | Depths:1 | Corrupted Depths:1
 79953 | Depths:1 | Noticed a bone dragon
 80579 | Depths:1 | Learned a level 7 spell: Haunt
 80853 | Depths:1 | Found a basalt altar of Yredelemnul.
 81261 | Depths:1 | Found a one-way gate to the infinite horrors of the Abyss.
 81333 | Depths:1 | Identified the +5 ring mail of the Wary Lives {rF+}
 81473 | Depths:1 | Found a gateway to Hell.
 81775 | Depths:1 | Found Bunog's Antique Weapon Shop.
 82729 | Depths:2 | Reached XP level 22. HP: 175/175 MP: 42/42
 83393 | Depths:2 | Found Leotaog's Fire Supplies.
 83702 | Depths:2 | Identified the +7 long sword "Ogrebane" {vorpal, Str+4
                  | Dex+4}
 83753 | Depths:2 | Found a one-way gate leading to the halls of Pandemonium.
 84157 | Depths:2 | Got the Grimoire of Toxic Ice
 84167 | Depths:2 | Got the Guide on Excruciating Companions
 84177 | Depths:2 | Found a shimmering blue altar of Sif Muna.
 84196 | Depths:2 | Corrupted Depths:2
 84225 | Depths:2 | Noticed an ancient lich
 84226 | Depths:2 | Noticed an ancient lich
 84237 | Depths:2 | Killed an ancient lich
 84238 | Depths:2 | Reached skill level 21 in Axes
 84261 | Depths:2 | Killed an ancient lich
 84300 | Depths:2 | Killed Asterion
 84756 | Depths:2 | Got Sif Muna's Collected Works on the Nocuous Mountains
 85156 | Depths:3 | Noticed Sojobo
 85160 | Depths:3 | Corrupted Depths:3
 85162 | Depths:3 | Paralysed by an air elemental for 1 turns
 85172 | Depths:3 | Killed Sojobo
 85522 | Depths:3 | Found a one-way gateway to a ziggurat.
 86188 | Depths:3 | Noticed a golden dragon
 86196 | Depths:3 | Killed a golden dragon
 86396 | Depths:3 | Noticed a juggernaut
 86406 | Depths:3 | Killed a juggernaut
 86822 | Depths:3 | Reached skill level 15 in Necromancy
 87066 | Depths:3 | Noticed a caustic shrike
 87068 | Depths:3 | Banished a caustic shrike
 87108 | Depths:3 | Identified the +1 robe of the Northern Lights {rN+}
 87347 | Depths:3 | Noticed a juggernaut
 87348 | Depths:3 | Noticed a caustic shrike
 87352 | Depths:3 | Banished a juggernaut
 87359 | Depths:3 | Banished a caustic shrike
 87671 | Depths:3 | Noticed a golden dragon
 87682 | Depths:3 | Killed a golden dragon
 87869 | Depths:3 | Noticed a golden dragon
 88210 | Depths:3 | Killed a golden dragon
 88763 | Depths:4 | Entered Level 4 of the Depths
 88796 | Depths:4 | Reached XP level 23. HP: 74/183 MP: 4/43
 89646 | Depths:4 | Corrupted Depths:4
 91458 | Depths:4 | Found a gate to the Realm of Zot.
 91761 | Depths:4 | Found a runed translucent door.
 91763 | Depths:4 | Noticed Foimof's ghost (adept FeVM)
 91847 | Depths:4 | Gained mutation: You expend magic power (3 MP) to
                  | strengthen your wands. [a neqoxec]
 92508 | Depths:4 | Learned a level 5 spell: Borgnjor's Vile Clutch
 92787 | Snake:2  | Bought a wand of light (5) for 336 gold pieces
 93280 | D:15     | Killed Opripao's ghost
 93594 | Vaults:5 | Entered Level 5 of the Vaults
 93596 | Vaults:5 | Corrupted Vaults:5
 93753 | Vaults:5 | Reached skill level 22 in Axes
 94031 | Vaults:5 | Noticed a golden dragon
 94033 | Vaults:5 | Noticed an ancient lich
 94047 | Vaults:5 | Killed an ancient lich
 94048 | Vaults:5 | Killed a golden dragon
 95255 | Vaults:5 | Got Laho's Guide on Flight
 95409 | Vaults:5 | Identified the +7 rapier of Wounding {vorpal, rPois Will+
                  | Str+2}
 95644 | Vaults:5 | Reached XP level 24. HP: 180/181 MP: 26/44
 96362 | Vaults:5 | Noticed a dread lich
 96404 | Vaults:5 | Killed a dread lich
 96721 | Vaults:5 | Got a silver rune of Zot
 96873 | Vaults:5 | Reached ****** piety under Lugonu
 97358 | Vaults:5 | Noticed a dread lich
 97364 | Vaults:5 | Killed a dread lich
 97794 | Vaults:5 | Found Jesoban's Armour Emporium.
 97927 | Vaults:5 | Identified the +1 pair of gloves of Tartarus {+Blink rC-
                  | rCorr}
 98435 | Zot:1    | Entered Level 1 of the Realm of Zot
 98436 | Zot:1    | Corrupted Zot:1
 98438 | Zot:1    | Noticed Palms's ghost (legendary OpTm)
 98440 | Zot:1    | Found a runed translucent gate.
 98440 | Zot:1    | Found a runed translucent gate.
 98440 | Zot:1    | Found a runed translucent gate.
 98479 | Zot:1    | HP: 8/193 [purple draconian shifter/bolt of dispelling
                  | energy (32)]
 98480 | Zot:1    | HP: 3/193 [Palms's ghost/Olgreb's Toxic Radiance (2)]
 98481 | Zot:1    | Demolished by Palms's ghost

Illustrated notes

Levels and vault maps discovered:
D:1:      wander_arrival_estate, layout_loops_corners,
          dreamdust_ecumenical_altar_statues, minmay_worlds_worst_comb
D:2:      layout_basic, serial_shops, shop, kennysheep_doodads, uniq_jessica,
          uniq_robin
D:3:      layout_basic
D:4:      layout_basic
D:5:      gammafunk_steamed_eel, layout_gridville, mainiacjoe_overflow_brackets,
          mainiacjoe_overflow_tiny_flanked, minmay_manual_mullet, uniq_ijyb,
          uniq_menkaure, uniq_duvessa
D:6:      layout_basic, mainiacjoe_overflow_paths, minmay_temple_entry_trees
D:7:      layout_rooms, led_sif_pool, nicolae_overflow_crystal_walls,
          serial_aquarium, aquarium_bridge_straight [aquarium_subvault_bridge,
          aquarium_subvault_window, aquarium_subvault_bridge,
          aquarium_subvault_wall], aquarium_bridge_square
          [aquarium_subvault_bridge, aquarium_subvault_window,
          aquarium_subvault_bridge, aquarium_subvault_window],
          aquarium_window_corridor_1, aquarium_window_1, aquarium_window_fake,
          aquarium_window_corner, aquarium_view_2e, aquarium_view_2e,
          aquarium_balcony_3b
D:8:      layout_cave_pools, good_gods_temple_1, general_overflow_altar,
          lemuel_tele_altar, serial_shops, nicolae_lakefront_shop,
          grunt_ministairs_15, minmay_misc_feat_ornament,
          nicolae_wooded_promenade
D:9:      layout_layer_cave, slow_altar_2, david_orc_2, mrwooster_statue_mirror,
          uniq_maggie
D:10:     layout_loops_cross, serial_glass, glass_columns_c, glass_columns_a,
          glass_columns_b, glass_columns_a, glass_columns_b, glass_columns_a,
          glass_columns_a, glass_columns_a, uniq_lodul, uniq_gastronok,
          uniq_harold
D:11:     hellmonk_crumbling_castle, layout_long_grid, david_lair_generic,
          st_stairs_6
D:12:     layout_basic, serial_corexii_hall, corexii_hall_statues_u,
          corexii_hall_statues_i, nicolae_shop_firing_range, uniq_snorg,
          uniq_erolcha
D:13:     layout_roguey, erik_vaults_1
D:14:     layout_roguey, hangedman_cracks_in_the_wall
D:15:     grunt_enter_depths_magical_seal, layout_cave_pools, elyvilon_altar_3,
          serial_glass, glass_columns_b, glass_columns_b, item_on_display_a,
          due_unseen_surprise, hellmonk_ghost_happy_afterlife
Lair:1:   layout_regular_city, infiniplex_staircase_pool_2, lemuel_fruit_tree
Lair:2:   layout_regular_city, minmay_shoals_entry_beasts
Lair:3:   layout_roguey, dummy_snake_entry, nicolae_lair_liquid_snakes,
          serial_bayou_shore_b
Lair:4:   layout_gridlike
Lair:5:   layout_cave_pods, grunt_megastairs_3, lemuel_fruit_fields
Lair:6:   evilmike_catoblepas_cave, layout_loops_ring,
          nicolae_slime_entry_slimehenge, uniq_rupert
Shoals:1: layout_shoals, serial_shops, nicolae_shop_waterfront,
          nicolae_shoals_dead_sea_scrolls
Shoals:2: cheibrodos_shoals_three_sisters, layout_shoals, uniq_nikola,
          uniq_frances, uniq_polyphemus
Shoals:3: layout_shoals, nicolae_specific_store
Shoals:4: shoals_end_simple, layout_shoals, shoals_ilsuiw_alternative,
          serial_shops, shop
Snake:1:  layout_layer_cave, basic_altar, grunt_ministairs_12,
          nicolae_snake_springs, minmay_shop_grove, serial_bayou_shore_b
Snake:2:  layout_layer_cave, ebering_ghost_inner_flame, grunt_megastairs_1,
          serial_bayou_shore_b, minmay_shoptagon, uniq_aizul
Snake:3:  layout_rooms, serial_shops, nicolae_lakefront_shop,
          nicolae_snake_naga_rites, uniq_jorgrun
Snake:4:  snake_pit, layout_chambers, serial_shops, nicolae_lakefront_shop,
          ebering_ghost_rock_garden
Orc:1:    layout_caves, mines_bat_river, uniq_josephine, uniq_sonja
Orc:2:    hellmonk_orc_salted, layout_caves, nicolae_orc_flooded_monolith,
          hellmonk_guarded_unrand_dark_maul
Elf:1:    eino_elf_arrival_customs, layout_loops_corners, mu_enter_wizlab_7,
          hangedman_corner_corridor, lemuel_flamethrower_3
Elf:2:    nicolae_elf_blades_splatter_lattice [nicolae_blade_little_rooms],
          layout_loops_cross, grunt_ministairs_3, nicolae_elf_big_sculpture_2,
          nicolae_shop_gadgets
Elf:3:    minmay_elf_hall_quartered_circle, layout_gridlike, special_room
          [special_room_mythical_zoo], basic_altar, serial_glass,
          glass_columns_a, glass_columns_a, glass_columns_c, glass_columns_a,
          glass_columns_a, glass_columns_c, due_unseen_surprise, serial_shops,
          shop
Vaults:1: vaults_mumra_minichess_inversion, ontoclasm_vaults_ring_small,
          ontoclasm_vaults_misaligned, v_rooms_5, v_misc_32, vaults_room_boxed,
          nicolae_vaults_ring_of_whatevers, nicolae_vaults_what_the_h,
          layout_vaults_chaotic_city
Vaults:2: nicolae_vaults_little_squares_1, hangedman_vaults_nails,
          vaults_mumra_lcd, vaults_room_door_ring, v_misc_18, v_alt_pattern_4,
          grunt_vaults_focal, v_misc_12, v_misc_30, hangedman_vaults_locks,
          st_quartered_hall, nicolae_vaults_yaktaur_gun_rack, v_misc_8,
          nicolae_vaults_diagonal_hallway_7, layout_vaults_omnicross,
          serial_shops, shop, uniq_mennas
Vaults:3: portal_desolation_entry_nicolae_slug, st_greater_box_3,
          nicolae_vaults_big_angled_halls, minmay_crypt_entry_skeletal_spiral,
          vaults_room_stairs_pillars, vaults_room_octagon,
          vaults_room_fancy_cross, hangedman_vaults_stretched_pinwheel,
          vaults_standard_mumra_x, nicolae_vaults_sealed_display, v_rooms_4,
          ontoclasm_vaults_chip, ontoclasm_vaults_loading_screen,
          ontoclasm_vaults_eye, dpeg_vaults_monster_box, layout_vaults_omnibox
Vaults:4: hangedman_vaults_corner, v_rooms_3, vaults_room_semicircle,
          ontoclasm_vaults_decontamination, grunt_vaults_twisty, st_more_cells,
          nicolae_vaults_alarming, nicolae_vaults_network_star, v_misc_3,
          layout_vaults_quadrants, serial_shops, shop_fountains, uniq_margery
Vaults:5
Depths:1: layout_gridville, serial_shops, shop_statue, grunt_decor_junction,
          minmay_room_of_horrors, hell_entry, yredelemnul_altar_generic,
          kennysheep_random_hallway, serial_bayou_shore_a
Depths:2: evilmike_library_of_no_secrets, layout_basic,
          grunt_decor_mini_mirrors, lightli_too_deep, rand_demon_pan_entry_8,
          nicolae_shop_fire_sale [nicolae_sub_dead_trees], uniq_asterion
Depths:3: minmay_tearing_corner, layout_basic, enter_ziggurat_e,
          rand_demon_pan_entry_9, hell_entry, hangedman_abyss_entry_splay,
          minmay_misc_feat_enclosed, infiniplex_staircase_split_hallway,
          uniq_sojobo
Depths:4: grunt_zot_entry_tricorne, layout_cave_pools,
          muffindrake_ghost_three_little_ghosts, minmay_fountain_box,
          hell_entry, grunt_pan_entry_zigzag
Zot:1:    infiniplex_zot_generator, layout_basic, gammafunk_ghost_split

Skill      XL: |  1  2  3  4  5  6  7  8  9 10 11 12 13 14 15 16 17 18 19 20 21 22 23 |
---------------+----------------------------------------------------------------------+-----
Spellcasting   | 5 6 7 8 9 10 11 12 13 14 15 16 17 | 17.5
Invocations    | 1 2 3 4 5 6 7 8 10 11 12 13 14 15 16 17 18 | 18.2
Fighting       | 1 2 3 5 6 7 8 9 10 11 12 13 14 15 16 | 16.8
Short Blades   | 1 2 3 5 6 7 8 9 10 11 12 13 14 15 16 | 16.8
Long Blades    | 1 2 3 5 6 7 8 9 10 11 12 13 14 15 16 | 16.8
Axes           | 1 2 3 4 6 7 9 10 12 13 14 15 16 17 18 19 20 21 22 | 22.7
Maces & Flails | 1 2 3 5 6 7 8 9 10 11 12 13 14 15 16 | 16.8
Polearms       | 1 2 3 5 6 7 8 9 10 11 12 13 14 15 16 | 16.8
Staves         | 1 2 3 5 6 7 8 9 10 11 12 13 14 15 16 | 16.8
Ranged Weapons | 1 2 3 5 6 7 8 9 10 11 12 13 14 15 16 | 16.8
Throwing       | 1 2 3 5 6 7 8 9 10 11 12 13 14 15 16 | 16.8
Armour         | 1 2 3 5 6 7 8 9 10 11 12 13 14 15 16 | 16.8
Shields        | 1 2 3 5 6 7 8 9 10 11 12 13 14 15 16 | 16.8
Unarmed Combat | 1 2 3 5 6 7 8 9 10 11 12 13 14 15 16 | 16.8
Evocations     | 1 2 3 5 6 7 8 9 10 11 12 13 14 15 16 | 16.8
Conjurations   | 1 2 3 4 5 6 7 8 9 10 11 12 13 14 | 14.3
Hexes          | 1 2 3 4 5 6 7 8 9 10 11 12 13 14 | 14.3
Summonings     | 1 2 3 4 5 6 7 8 9 10 11 12 13 14 | 14.3
Translocations | 1 2 3 4 5 6 7 8 9 10 11 12 13 14 | 14.3
Transmutations | 1 2 3 4 5 6 7 8 9 10 11 12 13 14 15 16 17 | 17.5
Fire Magic     | 1 2 3 4 5 6 7 8 9 10 11 12 13 14 | 14.3
Ice Magic      | 1 2 3 4 5 6 7 8 9 10 11 12 13 14 | 14.3
Air Magic      | 1 2 3 4 5 6 7 8 9 10 11 12 13 14 | 14.3
Earth Magic    | 1 2 3 4 5 6 7 8 9 10 11 12 13 14 | 14.3
Poison Magic   | 1 2 3 4 5 6 7 8 9 10 11 12 13 14 | 14.3
Dodging        | 5 6 7 8 9 10 11 12 13 14 15 16 17 | 17.4
Stealth        | 5 6 7 8 9 10 11 12 13 14 15 16 17 | 17.3
Necromancy     | 8 9 10 11 12 13 14 15 | 15.8

Action                   |  1- 3 |  4- 6 |  7- 9 | 10-12 | 13-15 | 16-18 | 19-21 | 22-24 || total
-------------------------+-------+-------+-------+-------+-------+-------+-------+-------++-------
Melee: Unarmed           |     1 |       |       |       |       |       |       |       ||     1
       Dagger            |     6 |     7 |    68 |   304 |   636 |       |       |       ||  1021
       Spear             |       |    18 |     8 |    41 |       |       |       |       ||    67
       Bite              |       |       |    12 |    43 |    76 |    71 |   107 |    73 ||   382
       Falchion          |       |       |    40 |       |       |       |       |       ||    40
       Long sword        |       |       |       |       |    19 |   281 |       |       ||   300
       Broad axe         |       |       |       |       |       |   295 |   506 |   356 ||  1157
 Fire: Sling             |       |    30 |       |    47 |       |       |       |       ||    77
       Hand crossbow     |       |       |       |       |       |       |   127 |       ||   127
Throw: Dart              |     3 |       |    56 |   160 |   237 |       |       |       ||   456
       Throwing net      |       |       |     2 |       |     2 |       |       |       ||     4
       Boomerang         |       |       |       |    46 |   153 |       |       |       ||   199
       Javelin           |       |       |       |       |     8 |    17 |    41 |    70 ||   136
 Cast: Necrotize         |    48 |    56 |    51 |    27 |       |       |       |       ||   182
       Vampiric Draining |     2 |    15 |    35 |    49 |    78 |    95 |   116 |    65 ||   455
       Animate Dead      |       |     2 |     3 |     6 |    17 |    69 |    33 |    28 ||   158
       Ensorcelled Hiber |       |       |       |    43 |    40 |       |       |       ||    83
       Mephitic Cloud    |       |       |       |     9 |     5 |     2 |     4 |       ||    20
       Ignite Poison     |       |       |       |     6 |     7 |       |       |       ||    13
       Freezing Cloud    |       |       |       |     6 |    25 |     3 |     2 |     1 ||    37
       Manifold Assault  |       |       |       |       |    38 |    80 |    11 |       ||   129
       Summon Mana Viper |       |       |       |       |    16 |   134 |   127 |    98 ||   375
       Blink             |       |       |       |       |     3 |       |     6 |     3 ||    12
       Summon Ice Beast  |       |       |       |       |     9 |   126 |   108 |    83 ||   326
       Stone Arrow       |       |       |       |       |       |     8 |       |       ||     8
       Sublimation of Bl |       |       |       |       |       |     5 |     8 |    20 ||    33
       Summon Forest     |       |       |       |       |       |       |    22 |    20 ||    42
       Olgreb's Toxic Ra |       |       |       |       |       |       |    10 |     5 ||    15
       Haunt             |       |       |       |       |       |       |     1 |   103 ||   104
       Borgnjor's Vile C |       |       |       |       |       |       |       |    23 ||    23
Invok: Banish            |       |       |       |    11 |     2 |    15 |     6 |     8 ||    42
       Corrupt           |       |       |       |     1 |     6 |     5 |     4 |     5 ||    21
       Bend Space        |       |       |       |     1 |     4 |     3 |     4 |     6 ||    18
Evoke: Wand              |       |       |    32 |    21 |    24 |    11 |    19 |    29 ||   136
       Tin of tremorston |       |       |       |       |     5 |     6 |    10 |     5 ||    26
       Lightning rod     |       |       |       |       |       |    16 |    11 |       ||    27
       Box of beasts     |       |       |       |       |       |     7 |     8 |     8 ||    23
       Phial of floods   |       |       |       |       |       |     5 |     7 |     9 ||    21
       Condenser vane    |       |       |       |       |       |     4 |    10 |     9 ||    23
       Phantom mirror    |       |       |       |       |       |       |     5 |     6 ||    11
  Use: Scroll            |     1 |    11 |     9 |    19 |    13 |    24 |    18 |    14 ||   109
       Potion            |       |     1 |     8 |     2 |    15 |    29 |    11 |     9 ||    75
 Stab: Distracted        |     1 |       |     1 |       |       |    12 |    17 |    17 ||    48
       Sleeping          |       |       |     1 |    24 |    53 |     5 |     4 |       ||    87
       Invisible         |       |       |     1 |       |     2 |       |       |       ||     3
       Confused          |       |       |       |     1 |     1 |       |       |       ||     2
       Fleeing           |       |       |       |       |       |     1 |       |     1 ||     2
Armor: Robe              |     9 |    15 |    27 |       |       |       |       |       ||    51
       Steam dragon scal |       |       |       |    98 |   125 |       |       |       ||   223
       Troll leather arm |       |       |       |       |    19 |       |       |       ||    19
       Acid dragon scale |       |       |       |       |    27 |       |       |       ||    27
       Ring mail         |       |       |       |       |    20 |   216 |   240 |   142 ||   618
Dodge: Dodged            |    17 |    29 |   128 |   265 |   450 |   541 |   449 |   218 ||  2097
Block: Buckler           |       |       |    22 |    96 |   160 |       |       |       ||   278
       Kite shield       |       |       |       |       |    61 |   761 |   786 |   586 ||  2194
       Reflection        |       |       |       |       |       |    83 |    57 |    29 ||   169

Table legend: (Time is in decaauts)
 A = Elapsed time spent in this place.
 B = Non-inter-level travel time spent in this place.
 C = Inter-level travel time spent in this place.
 D = Time resting spent in this place.
 E = Time spent auto-exploring this place.
 F = Levels seen in this place.
 G = Mean time per level.
                   A        B        C        D        E       F      G
               +--------+--------+--------+--------+--------+-----+--------+
         Total |  98315 |  91561 |   6754 |  35700 |  35460 |  44 | 2234.4 |
       Dungeon |  28841 |  26630 |   2211 |  12361 |   9469 |  15 | 1922.7 |
          Lair |  11167 |  10119 |   1048 |   3565 |   4637 |   6 | 1861.2 |
        Shoals |   7364 |   6667 |    697 |   1960 |   2543 |   4 | 1841.0 |
     Snake Pit |  11217 |  10299 |    918 |   3485 |   4737 |   4 | 2804.2 |
  Orcish Mines |   2987 |   2903 |     84 |   1078 |   1011 |   2 | 1493.5 |
   Elven Halls |   7227 |   7026 |    201 |   1895 |   3393 |   3 | 2409.0 |
        Vaults |  16972 |  15699 |   1273 |   5644 |   6128 |   5 | 3394.4 |
        Depths |  12499 |  12180 |    319 |   5708 |   3541 |   4 | 3124.8 |
           Zot |     37 |     37 |      0 |      0 |      0 |   1 |   37.0 |
               +--------+--------+--------+--------+--------+-----+--------+

Top non-repeatable levels by time:
Depths:3: 4944 daAuts
Vaults:5: 4611 daAuts
Vaults:2: 4025 daAuts
 Snake:2: 3169 daAuts
 Snake:1: 3146 daAuts
   Elf:2: 3006 daAuts
Vaults:3: 2837 daAuts
Depths:2: 2832 daAuts
    D:10: 2812 daAuts
   Elf:3: 2772 daAuts
Vaults:1: 2763 daAuts
Depths:4: 2748 daAuts
Vaults:4: 2735 daAuts
 Snake:4: 2718 daAuts
    D:11: 2612 daAuts
